 Dungeon Crawl Stone Soup version 0.27.1-3-gb3d3a73c9e (webtiles) character file.

Game seed: 12078515455629647253

140 soylentgreeen202 the Conjurer (level 4, -3/33 HPs)
             Began as a Demigod Air Elementalist on Oct 27, 2021.
             Killed from afar by Ijyb (8 damage)
             ... with a puff of flame
             ... on level 3 of the Dungeon.
             The game lasted 00:22:07 (3807 turns).

soylentgreeen202 the Conjurer (DgAE)                Turns: 3807, Time: 00:22:07

Health: -3/33      AC:  2    Str:  9    XL:     4   Next: 72%
Magic:  9/9        EV: 12    Int: 21    God:
Gold:   128        SH:  0    Dex: 14    Spells: 4/7 levels left

rFire    . . .     SeeInvis .   b - +0 dagger
rCold    . . .     Faith    .   (no shield)
rNeg     . . .     Spirit   .   a - +0 robe
rPois    .         Reflect  .   (no helmet)
rElec    .         Harm     .   (no cloak)
rCorr    .         Rampage  .   (no gloves)
Will     .....                  (no boots)
Stlth    ++........             f - amulet of magic regeneration
HPRegen  0.11/turn              (no ring)
MPRegen  0.36/turn              (no ring)

@: weak-willed, flying
A: high mp 1, forlorn
a: no special abilities


You were on level 3 of the Dungeon.
You visited 1 branch of the dungeon, and saw 3 of its levels.

You collected 128 gold pieces.

Inventory:

Hand Weapons
 b - a +0 dagger (weapon)
 e - a +0 club
 m - a +2 vorpal hand axe
Missiles
 h - a throwing net (quivered)
 k - 69 stones
Armour
 a - a +0 robe (worn)
 i - a +0 ring mail
 j - a +0 buckler
Jewellery
 f - an amulet of magic regeneration (around neck)
Wands
 n - a wand of flame (15)
Scrolls
 d - 2 scrolls of identify
Potions
 g - 2 potions of might


   Skills:
 - Level 2.0 Dodging
 - Level 2.0 Stealth
 - Level 2.0 Spellcasting
 + Level 3.9 Conjurations
 - Level 3.0 Air Magic


You had 4 spell levels left.
You knew the following spells:

 Your Spells              Type           Power      Damage    Failure   Level
a - Shock                 Conj/Air       64%        1d7       3%          1
b - Static Discharge      Conj/Air       16%        N/A       5%          2

Your spell library contained the following spells:

 Spells                   Type           Power      Damage    Failure   Level
 Magic Dart               Conj           72%        1d6       3%          1
 Searing Ray              Conj           36%        3d4       4%          2
 Swiftness                Air            14%        N/A       13%         3
 Airstrike                Air            7%         N/A       38%         4
 Fulminant Prism          Conj/Hex       5%         3d7       54%         4
 Summon Forest            Summ/Tloc      1%         N/A       99%         5
 Eringya's Noxious Bog    Tmut/Pois      1%         N/A       100%        6
 Summon Hydra             Summ           1%         N/A       100%        7


Dungeon Overview and Level Annotations

Branches:
Dungeon (3/15)

Annotations:
D:1 exclusion: downstairs
D:2 2 exclusions, Sigmund
D:3 3 runed translucent doors, Ijyb


Innate Abilities, Weirdness & Mutations

Your attributes grow dramatically as you level up.
You have an increased reservoir of magic. (+10% MP)
You shall have no god before yourself.


Message History

Found a stone staircase leading down.
Found a stone staircase leading down.
There is a stone staircase leading down here.
Found a scroll labelled QYOSIR WUXIEN.
Ijyb the Twisted Goblin comes into view.
She is wielding a +0 dagger and carrying a wand of flame (21).
Ijyb shouts!
Found 10 gold pieces.
Found a stone staircase leading up.
Ijyb zaps a wand.
The puff of flame misses you.
Ijyb zaps a wand.
The puff of flame hits you!
As you read the scroll labelled DETI BUMYZ, it crumbles to dust.
Magic quickly surges around you.
It was a scroll of vulnerability.
Ijyb zaps a wand.
The puff of flame hits you!
As you read the scroll labelled NYIBAO FODUN, it crumbles to dust.
It is a scroll of identify.
g - 2 potions of might
Casting: Shock (safe; 3% risk of failure)
Confirm with . or Enter, or press ? or * to list all spells.
Aiming: Shock (safe; 3% risk of failure)
Press: ? - help, Shift-Dir - straight line The zap hits Ijyb but does no damage.
The zap hits Ijyb.
Ijyb is lightly wounded.
Casting: Shock (safe; 3% risk of failure)
Confirm with . or Enter, or press ? or * to list all spells.
Aiming: Shock (safe; 3% risk of failure)
Press: ? - help, Shift-Dir - straight line You miscast Shock.
You are very lightly contaminated with residual magic.
Nothing appears to happen.
Ijyb zaps a wand.
The puff of flame hits you!
* * * LOW HITPOINT WARNING * * *
Casting: Shock (safe; 3% risk of failure)
Confirm with . or Enter, or press ? or * to list all spells.
Okay, then.
Okay, then.
It was a potion of flight.
You feel very buoyant.
You fly up into the air.
Ijyb hits you with a +0 dagger.
* * * LOW HITPOINT WARNING * * *
Your magical contamination has completely faded away.
Ijyb zaps a wand.
The puff of flame hits you!
You die...

#######..# #######...#
##.#####......#
#.....#.####.#
#####.#.# #.?......
#####.#.## ##.....$.
#.....#..# ..#####
#.######g# ..# #.# #.#
..# #########.## #@#
... ...........#####>#
.##.
####..........##.####.#
#.####............>#
####...#............###
..##.#..............#
#.##...#####..####...#
#.##>.##...#### ##...
#.##..#..Z.....Z #...


You could see Ijyb (weak-willed).

Vanquished Creatures
  Jessica (D:2)
  Terence (D:2)
  An adder (D:2)
  3 gnolls (D:2)
  2 worms (D:2)
  2 ball pythons (D:2)
  2 bats (D:1)
  5 endoplasms (D:1)
  3 giant cockroaches
  4 hobgoblins
  3 jackals (D:2)
  4 quokkas
  3 frilled lizards (D:1)
  6 goblins
  3 kobolds (D:1)
  3 rats
46 creatures vanquished.

Vanquished Creatures (others)
  6 plants (D:2)
6 creatures vanquished.

Grand Total: 52 creatures vanquished

Notes
Turn   | Place    | Note
-------+----------+-------------------------------------------
     0 | D:1      | soylentgreeen202 the Demigod Air Elementalist began the
                  | quest for the Orb.
     0 | D:1      | Reached XP level 1. HP: 14/14 MP: 5/5
   111 | D:1      | Reached skill level 1 in Conjurations
   459 | D:1      | Reached XP level 2. HP: 20/20 MP: 7/7
   462 | D:1      | Learned a level 2 spell: Static Discharge
  1498 | D:2      | Noticed Terence
  1684 | D:2      | Noticed Jessica
  2111 | D:2      | Killed Jessica
  2112 | D:2      | Reached XP level 3. HP: 14/26 MP: 4/8
  2390 | D:2      | Reached XP level 4. HP: 33/33 MP: 6/9
  2472 | D:2      | Noticed Sigmund
  3141 | D:2      | Killed Terence
  3605 | D:3      | Found a runed translucent gate.
  3709 | D:3      | Found a runed translucent gate.
  3709 | D:3      | Found a runed translucent gate.
  3790 | D:3      | Noticed Ijyb
  3807 | D:3      | Killed from afar by Ijyb

Illustrated notes

Levels and vault maps discovered:
D:1:      psy_arrival_heroes, layout_basic
D:2:      layout_loops_ring, dreamdust_ecumenical_altar_angels_and_demons,
          kennysheep_crisscross, grunt_ministairs_9, serial_bayou_pond_a,
          uniq_sigmund, uniq_terence, uniq_jessica
D:3:      layout_loops_ring, vehumet_altar_wand_db, lemuel_round_altar,
          gammafunk_ghost_icy, uniq_grinder, uniq_ijyb

Skill      XL: |  1  2  3 |
---------------+----------+-----
Conjurations   | 1 2 3 |  3.9
Stealth        | 2 |  2.0
Dodging        | 2 |  2.0
Spellcasting   | 2 |  2.0
Air Magic      | 3 |  3.0

Action                   |  1- 3 |  4- 6 || total
-------------------------+-------+-------++-------
Melee: Dagger            |    23 |    40 ||    63
 Cast: Shock             |    49 |    17 ||    66
       Static Discharge  |     3 |     7 ||    10
  Use: Potion            |     1 |     1 ||     2
       Scroll            |       |     2 ||     2
 Stab: Sleeping          |     2 |     4 ||     6
Armor: Robe              |    13 |     5 ||    18
Dodge: Dodged            |    22 |    40 ||    62
